 Dungeon Crawl Stone Soup version 0.30.1-9-gdf580d7c3d (webtiles) character file.

Game seed: 11155752431124829952

12 Wiggles the Chopper (level 2, -14/27 HPs)
             Began as a Minotaur Berserker on Oct 18, 2023.
             Was a Follower of Trog.
             Engulfed by a cloud of flame (25 damage)
             ... on level 1 of the Dungeon.
             The game lasted 00:01:20 (479 turns).

Wiggles the Chopper (Minotaur Berserker)             Turns: 479, Time: 00:01:21

Health: -14/27     AC:  5    Str: 21    XL:     2   Next: 20%
Magic:  1/1        EV: 11    Int:  4    God:    Trog [*.....]
Gold:   82         SH:  0    Dex:  9    Spells: 1/1 levels left

rFire   . . .        a - +0 hand axe
rCold   . . .        (no shield)
rNeg    . . .        g - +0 ring mail
rPois   .            (helmet restricted)
rElec   .            (no cloak)
rCorr   +            (no gloves)
SInv    .            (no boots)
Will    .....        (no amulet) Stlth
                     b - ring of resist corrosion
HPRegen 0.24/turn    (no ring)
MPRegen 0.07/turn

%: no passive effects
@: no status effects
A: horns 2, retaliatory headbutt
a: Renounce Religion, Berserk


You were on level 1 of the Dungeon.
You worshipped Trog.
Trog was aware of your devotion.
You visited 1 branch of the dungeon, and saw 1 of its levels.

You collected 82 gold pieces.

Inventory:

Hand Weapons
 a - a +0 hand axe (weapon)
Armour
 g - a +0 ring mail (worn)
Jewellery
 b - a ring of resist corrosion (left hand)
Scrolls
 c - 2 scrolls of vulnerability {unknown}
 f - a scroll of poison {unknown}
 h - a scroll of magic mapping {unknown}
Potions
 d - a potion of haste {unknown}
 e - a potion of degeneration {unknown}


   Skills:
 + Level 3.8 Fighting
 + Level 4.1 Axes
 + Level 2.6 Armour
 + Level 2.2 Dodging


You had one spell level left.
You didn't know any spells.
Your spell library was empty.

Dungeon Overview and Level Annotations

Branches:
Dungeon (1/15)

Altars:

Shops:
D:1 (


Innate Abilities, Weirdness & Mutations

You have a pair of horns on your head.
You reflexively headbutt those who attack you in melee.


Message History

The kobold hits you but does no damage.
You hit the kobold.
You kill the kobold!
Trog accepts your kill.
No target in view!
No target in view!
c - 2 scrolls labelled KAEQYA TOSE (gained 1)
You now have 63 gold pieces (gained 6).
A dart slug comes into view.
Found 4 stones and 19 gold pieces.
The dart slug briefly extends its eye-stalks.
The dart slug launches a dart at you. The slug dart misses you.
Found a ring mail.
You hit the dart slug.
The dart slug is heavily wounded.
The dart slug launches a dart at you. The slug dart misses you.
You hit the dart slug but do no damage.
You headbutt the dart slug, but do no damage.
The dart slug is heavily wounded.
The dart slug bites you but does no damage.
You slash the dart slug!
You kill the dart slug!
Trog accepts your kill.
No target in view!
Found a halberd.
You see here a dart slug corpse.
You see here a dart slug corpse.
You see here a dart slug corpse.
You see here a dart slug corpse.
You see here a dart slug corpse.
Really walk into a travel-excluded area?
You are engulfed in blazing flames.
Ouch! That really hurt!
You see here 19 gold pieces.
You now have 82 gold pieces (gained 19).
You are engulfed in blazing flames.
Ouch! That really hurt!
You die...

##...###...# #.§○#
.......#...#####...####
####.#)......○§.$...§§
............☼○§.....§
............§○§.)[..
####.##....#####...#
...#.##....# #§☼○#
####.##....# #§○°#
....>###...# #@☼○#
###### #...#####...#
.....# ##+##.#.(#†##
.###+####....#....#
##...........#..###
.#.......)...#..#
.#...........#..#
.###'#######....#
.###.# #....#


There were no monsters in sight!

Vanquished Creatures
  A dart slug (D:1)
  2 endoplasms (D:1)
  A giant cockroach (D:1)
  A goblin (D:1)
  A hobgoblin (D:1)
  A ball python (D:1)
  A bat (D:1)
  A frilled lizard (D:1)
  A kobold (D:1)
10 creatures vanquished.

Vanquished Creatures (others)
  A rat (D:1)
1 creature vanquished.

Grand Total: 11 creatures vanquished

Notes
Turn   | Place    | Note
-------+----------+-------------------------------------------
     0 | D:1      | Wiggles the Minotaur Berserker began the quest for the Orb.
     0 | D:1      | Reached XP level 1. HP: 19/19 MP: 0/0
   142 | D:1      | Found Gilucosidi's Weapon Shoppe.
   344 | D:1      | Reached skill level 4 in Axes
   358 | D:1      | Reached XP level 2. HP: 22/27 MP: 1/1
   479 | D:1      | Engulfed by a cloud of flame

Illustrated notes

Levels and vault maps discovered:
D:1:      giann_bridges, layout_basic, serial_shops, shop, lemuel_flame_loot_1

Skill      XL: |  1 |
---------------+----+-----
Axes           | 4 |  4.1
Fighting       | |  3.8
Armour         | |  2.6
Dodging        | |  2.2

Action                     || total
---------------------------++-------
  Melee: Hand axe          ||    23
         Headbutt          ||     5
 Armour: Ring mail         ||     5
         Leather armour    ||     2
         Animal skin       ||     2
  Dodge: Dodged            ||    16
